 Dungeon Crawl Stone Soup version 0.29.1-2-gbd0b4ee654 (webtiles) character file.

Game seed: 17811961669169134557

1428 Doomgape the Basher (level 8, 0/50 HPs)
             Began as a Gargoyle Fighter on Oct 23, 2022.
             Was a Follower of Okawaru.
             Slain by a steam dragon (3 damage)
             ... on level 6 of the Dungeon.
             The game lasted 00:13:29 (7453 turns).

Doomgape the Basher (Gargoyle Fighter)              Turns: 7453, Time: 00:13:29

Health: 0/50       AC: 15    Str: 22    XL:     8   Next: 72%
Magic:  8/8        EV:  7    Int:  9    God:    Okawaru [*.....]
Gold:   267        SH:  6    Dex: 15    Spells: 7/7 levels left

rFire   . . .      SeeInvis .   a - +1 flail (vorpal)
rCold   . . .      Faith    .   c - +1 buckler
rNeg    + . .      Spirit   .   d - +0 chain mail
rPois   ∞          Reflect  .   (no helmet)
rElec   +          Harm     .   (no cloak)
rCorr   .          Rampage  .   (no gloves)
Will    .....                   (no boots)
Stlth   ..........              (no amulet)
HPRegen 0.16/turn               k - +6 ring of dexterity
MPRegen 0.11/turn               (no ring)

@: no status effects
A: sickness immunity, AC +5, negative energy resistance 1, electricity
resistance, torment resistance 1, petrification resistance
a: Renounce Religion, Heroism


You were on level 6 of the Dungeon.
You worshipped Okawaru.
Okawaru was aware of your devotion.
You visited 2 branches of the dungeon, and saw 7 of its levels.

You collected 267 gold pieces.

Inventory:

Hand Weapons
 a - a +1 vorpal flail (weapon)
Armour
 c - a +1 buckler (worn)
 d - a +0 chain mail (worn)
Jewellery
 k - a +6 ring of dexterity (left hand)
Wands
 b - a wand of light (8)
Scrolls
 e - a scroll of amnesia
 h - 3 scrolls of identify
 l - a scroll of teleportation
 m - 2 scrolls of fear
Potions
 f - 3 potions of attraction
 g - 3 potions of resistance
 i - 2 potions of curing
 j - a potion of flight
 n - a potion of brilliance
 o - a potion of mutation


   Skills:
 + Level 5.6 Fighting
 - Level 9.0 Maces & Flails
 + Level 5.5 Armour
 - Level 3.2 Shields


You had 7 spell levels left.
You didn't know any spells.
Your spell library contained the following spells:

 Spells                   Type           Power      Damage    Failure   Level
 Magic Dart               Conj           0%         1d3       99%         1
 Ensorcelled Hibernation  Hex/Ice        0%         N/A       99%         2
 Passwall                 Tmut/Erth      0%         N/A       99%         2
 Searing Ray              Conj           0%         2d4       99%         2
 Dazzling Flash           Conj/Hex       0%         N/A       100%        3
 Gell's Gravitas          Tloc           0%         N/A       100%        3
 Inner Flame              Hex/Fire       0%         N/A       100%        3
 Swiftness                Air            0%         N/A       100%        3
 Fulminant Prism          Conj/Hex       0%         3d6       100%        4
 Summon Guardian Golem    Hex/Summ       Unusable   N/A       N/A         3

Dungeon Overview and Level Annotations

Branches:
Dungeon (6/15)             Temple (1/1) D:4

Altars:
Cheibriados
Dithmenos
Fedhas
Gozag
Hepliaklqana
Kikubaaqudgha
Makhleb
Okawaru
Qazlal
Ru
Uskayaw
Vehumet
Xom
The Shining One

Shops:
D:6 *


Innate Abilities, Weirdness & Mutations

You are immune to sickness and miasma.
Your stone body is resilient. (AC +5)
You are immune to poison.
You resist negative energy. (rN+)
You are resistant to electric shocks. (rElec)
You are resistant to unholy torment.
You are immune to petrification.


Message History

n - a potion of brilliance You now have 267 gold pieces (gained 10).
Items here: ( )) †.
Okay, then.
You start resting.
HP restored.
Items here: ( )) †.
Items here: (( )))) [ †.
You thump the orc priest!
You kill the orc priest!
Okawaru accepts your kill.
No target in view!
Things that are here:
a +0 hand axe; an orc corpse
i - 2 potions of curing (gained 1)
You start waiting.
A steam dragon comes into view.
You sock the steam dragon!
The steam dragon is moderately wounded.
The steam dragon breathes steam at you. The ball of steam hits you!!
You barely miss the steam dragon.
The steam dragon is moderately wounded.
You are engulfed in a cloud of scalding steam.
The steam dragon bites you.
The steam dragon claws you but does no damage.
You are too injured to fight recklessly!
You sock the steam dragon!
The steam dragon is severely wounded.
You are engulfed in a cloud of scalding steam.
* * * LOW HITPOINT WARNING * * *
The steam dragon bites you.
* * * LOW HITPOINT WARNING * * *
The steam dragon claws you.
* * * LOW HITPOINT WARNING * * *
The steam dragon breathes steam at you. The ball of steam hits you.
* * * LOW HITPOINT WARNING * * *
You block the steam dragon's attack. The steam dragon claws you.
You die...

###.###..####...#.##.###
.##.##....))...........#####.....
.......####)####.................
#......#..[....#....... ........
###....#....§§.#.....# . #......
###.#..#..).§..#.....#.. #.o....
....#..#..._.§.§......# ..#.|....
##..#..#.......#....#.# #........
.......#.......#@D....# #.....<.
.......#.......#................K
.....).####^####........###....K.
...##<(................# ##..KK.
#..####.#..#............ #...h.K
#..## .##.##........... ........
....# ......................K..
....# #.# #............∩.......
....# .# #...........


You could see a steam dragon (catching breath).

Vanquished Creatures
  Sigmund (D:3)
  An ice beast (D:5)
  An orc warrior (D:5)
  2 ogres
  A kobold brigand (D:6)
  A bullfrog (D:6)
  4 scorpions
  2 jellies
  2 hounds
  2 orc priests (D:6)
  Natasha (thrice) (D:3)
  Ijyb (D:3)
  2 iguanas
  An orc wizard (D:6)
  4 adders
  5 gnolls
  A white imp (D:5)
  An ufetubus (D:5)
  2 worms (D:2)
  2 dart slugs
  10 orcs
  6 endoplasms
  6 giant cockroaches
  13 goblins
  5 hobgoblins (D:1)
  3 quokkas
  6 ball pythons
  6 bats
  3 frilled lizards
  13 kobolds
  5 rats
115 creatures vanquished.

Notes
Turn   | Place    | Note
-------+----------+-------------------------------------------
     0 | D:1      | Doomgape the Gargoyle Fighter began the quest for the Orb.
     0 | D:1      | Reached XP level 1. HP: 14/14 MP: 1/1
   341 | D:1      | Reached XP level 2. HP: 19/19 MP: 2/2
   513 | D:1      | Reached skill level 3 in Maces & Flails
   529 | D:1      | Reached XP level 3. HP: 3/23 MP: 3/3
  1669 | D:2      | Found a faded altar of an unknown god.
  1844 | D:2      | Reached skill level 4 in Maces & Flails
  2312 | D:2      | Reached XP level 4. HP: 20/28 MP: 4/4
  2583 | D:3      | Noticed Natasha
  2600 | D:3      | Killed Natasha
  2975 | D:3      | Noticed Natasha
  2976 | D:3      | Noticed Sigmund
  2988 | D:3      | Killed Natasha
  2989 | D:3      | Reached skill level 5 in Maces & Flails
  2989 | D:3      | Reached XP level 5. HP: 15/32 MP: 5/5
  2998 | D:3      | Killed Sigmund
  2999 | D:3      | Reached skill level 6 in Maces & Flails
  2999 | D:3      | Reached XP level 6. HP: 12/37 MP: 6/6
  3341 | D:3      | Noticed Natasha
  3348 | D:3      | Killed Natasha
  3373 | D:3      | Noticed Ijyb
  3412 | D:3      | Killed Ijyb
  3829 | D:3      | Reached skill level 7 in Maces & Flails
  3960 | D:3      | Reached XP level 7. HP: 20/41 MP: 7/7
  4422 | D:4      | Found a staircase to the Ecumenical Temple.
  4460 | Temple   | Entered the Ecumenical Temple
  4827 | Temple   | Became a worshipper of Warmaster Okawaru
  4891 | D:4      | Identified the +7 dire flail of Action {vorpal, *Noise
                  | rPois rC+}
  4986 | D:4      | Found a hazy altar of Hepliaklqana.
  5413 | D:5      | Entered Level 5 of the Dungeon
  5581 | D:5      | Reached skill level 8 in Maces & Flails
  5899 | D:5      | Reached skill level 9 in Maces & Flails
  5983 | D:5      | Reached XP level 8. HP: 42/46 MP: 8/8
  6068 | D:5      | Identified the +5 short sword "Ajeraoce" {holy, rN+}
  6216 | D:5      | Reached * piety under Okawaru
  6324 | D:5      | Got the Commentary on Malediction and Elsewhere
  6353 | D:5      | Identified the +2 pair of boots of the End {rC+ Regen+
                  | rCorr}
  6434 | D:6      | Found Zin's Purification Station.
  6975 | D:6      | Reached skill level 5 in Fighting
  7021 | D:6      | Reached skill level 5 in Armour
  7275 | D:6      | Found a shimmering altar of Xom.
  7453 | D:6      | Slain by a steam dragon

Illustrated notes

Levels and vault maps discovered:
D:1:      matt_arrival_grand_opening, layout_basic
D:2:      layout_basic, basic_ecumenical_altar, grunt_decor_junction,
          nicolae_figureground_pulse
D:3:      layout_loops_ring, st_stairs_5, minmay_ogre_servants, uniq_sigmund,
          uniq_ijyb, uniq_natasha
D:4:      layout_cave_pools, lemuel_doored_altar, minmay_temple_entry_mini_moons
D:5:      layout_basic, lightli_corner_chamber
D:6:      layout_rooms, lightli_temple_of_fire, lemuel_tele_altar, zin_purify
Temple:   minmay_temple_forest_path

Skill      XL: |  1  2  3  4  5  6  7  8 |
---------------+-------------------------+-----
Maces & Flails | 3 4 5 6 7 9 |  9.0
Fighting       | 5 |  5.6
Armour         | 5 |  5.5
Shields        | |  3.2

Action                   |  1- 3 |  4- 6 |  7- 9 || total
-------------------------+-------+-------+-------++-------
Melee: Flail             |   146 |    99 |   170 ||   415
Evoke: Wand              |       |     4 |       ||     4
  Use: Potion            |     1 |     2 |     2 ||     5
       Scroll            |       |    13 |     2 ||    15
 Stab: Invisible         |       |     1 |       ||     1
Armor: Scale mail        |    77 |    41 |       ||   118
       Chain mail        |       |     7 |    91 ||    98
Dodge: Dodged            |    60 |    41 |    41 ||   142
Block: Buckler           |    30 |    22 |    53 ||   105
